 Dungeon Crawl Stone Soup version 0.20-a0-331-g5b3579f (webtiles) character file.

39 tsouns the Skirmisher (level 3, -1/30 HPs)
             Began as a Demonspawn Monk on Dec 21, 2016.
             Slain by a gnoll (7 damage)
             ... on level 1 of the Dungeon.
             The game lasted 00:03:09 (1500 turns).

tsouns the Skirmisher (Demonspawn Monk)             Turns: 1500, Time: 00:03:09

Health: -1/30      AC:  2    Str: 12    XL:     3   Next: 28%
Magic:  3/3        EV: 13    Int: 11    God:
Gold:   29         SH:  0    Dex: 15    Spells: 2/2 levels left

rFire  . . .     SeeInvis .     a - +0 falchion
rCold  . . .     Gourm    .     b - +0 robe
rNeg   . . .     Faith    .     (no shield)
rPois  .         Spirit   .     (helmet restricted)
rElec  .         Reflect  .     (no cloak)
rCorr  .         Harm     .     (no gloves)
MR     .....                    (no boots)
Stlth  ++........               (no amulet)
                                (no ring)
                                (no ring)

@: no status effects
A: antennae 1
a: no special abilities


You were on level 1 of the Dungeon.
You were not hungry.

You visited 1 branch of the dungeon, and saw 2 of its levels.

You collected 29 gold pieces.

Inventory:

Hand Weapons
 a - a +0 falchion (weapon)
Missiles
 e - 93 stones (quivered)
Armour
 b - a +0 robe (worn)
Scrolls
 f - a scroll of fog {unknown}
Potions
 d - a potion of curing
 g - a potion of magic {unknown}
 h - a potion of invisibility {unknown}
Comestibles
 c - 2 bread rations
 i - 3 chunks of flesh


   Skills:
 + Level 4.0 Fighting
 + Level 3.1 Long Blades
 - Level 2.6 Dodging
 - Level 1.7 Stealth


You had 2 spell levels left.
You didn't know any spells.

Dungeon Overview and Level Annotations

Branches:
Dungeon (2/15)

Altars:

Annotations:
D:2 Robin


Innate Abilities, Weirdness & Mutations

You have a pair of small antennae on your head.


Message History

There is a stone staircase leading down, spattered with blood here.
You climb downwards.
Level annotation: Robin A gnoll comes into view.
It is wielding a whip.
The goblin shoots a stone.
The stone closely misses you.
The gnoll moves out of view.
The gnoll hits you. The goblin hits you.
The goblin shoots a stone.
The stone barely misses you. The gnoll hits you!
There is a stone staircase leading up, spattered with blood here.
You see here 4 stones.
The goblin hits you.
The goblin shoots a stone.
The stone misses you. The gnoll hits you!
* * * LOW HITPOINT WARNING * * *
You climb upwards.
There is a stone staircase leading down, spattered with blood here.
Unknown command.
Unknown command.
It was a potion of curing.
You feel better. The goblin hits you.
* * * LOW HITPOINT WARNING * * *
The gnoll hits you!
You die...

.#...#.## #.##.####.###########
#.....#######............#
.......##...#.#...##.....#
.......##........).......########
(.............#...##.............
##.......................########
#...##.......##.####..###
#[.#####...#.##g# #..# #..#
#......g@# #..# #..# #.##..####
#..# #..# #.##..# #..# ##.#
#.##..#######..# #.#
#.##...........# #.#
#.##.#####....## #.# #.##.#
#.#### #.# #.##.# #.# #.#
#.##.### #.#


You could see a gnoll and a goblin.

Vanquished Creatures
  11 goblins
  4 hobgoblins (D:1)
  8 jackals (D:1)
  3 kobolds (D:1)
  A quokka (D:2)
  A ball python (D:1)
  2 bats
  2 frilled lizards (D:1)
32 creatures vanquished.

Notes
Turn   | Place    | Note
-------+----------+-------------------------------------------
     0 | D:1      | tsouns the Demonspawn Monk began the quest for the Orb.
     0 | D:1      | Reached XP level 1. HP: 18/18 MP: 1/1
   545 | D:1      | Gained mutation: You have a pair of small antennae on your head. [demonic ancestry]
   545 | D:1      | Reached XP level 2. HP: 23/24 MP: 2/2
  1174 | D:2      | Noticed Robin
  1252 | D:1      | Reached XP level 3. HP: 22/30 MP: 3/3
  1463 | D:1      | Reached skill level 4 in Fighting
  1498 | D:2      | HP: 1/30 [gnoll (9)]
  1500 | D:1      | Slain by a gnoll

Vault maps used:
D:1:      dpeg_arrival_oval, serial_bayou_lagoon_b
D:2:      hangedman_abyss_or_decor_lesser_grid, uniq_sigmund, uniq_robin

Skill      XL: |  1  2  3 |
---------------+----------+-----
Long Blades    | 3 |  3.1
Fighting       | 4 |  4.0
Dodging        | |  2.6
Stealth        | |  1.7

Action                   || total
-------------------------++-------
Melee: Falchion          ||    93
Throw: Stone             ||    13
  Use: Potion            ||     1
  Eat: Bread ration      ||     1
Armor: Robe              ||    13
Dodge: Dodged            ||    82
       Rpst.: Falchion   ||    20
